Map: Terrasses de Prion

Players

pupu - Winner!

  • Race: Protoss Protoss
  • League: Silver

cappatches

  • Race: Terran Terran
  • League: Silver

VOD

Have the link to the VOD?

Description

Time

  • Played on: April 13, 2016, 7:58 a.m.
  • Length: 13:16
Show
View Real Time Build Order
Export as new Build Order

pupu Protoss - Winner!

Build Orders: Nexus First 

Get SALT Encoding   

  12  0:01  Probe (Chrono Boost)  
  13  0:11  Probe (Chrono Boost)  
  14  0:18  Pylon  
  14  0:22  Probe (Chrono Boost)  
  15  0:53  Nexus  
  15  0:56  Probe (Chrono Boost)  
  16  1:10  Gateway  
  17  1:11  Probe (Chrono Boost)  
  17  1:17  Assimilator  
  17  1:22  Probe (Chrono Boost)  
  18  1:26  Assimilator  
  18  1:32  Probe (Chrono Boost)  
  19  1:43  Probe (Chrono Boost)  
  20  1:53  Probe (Chrono Boost)  
  21  1:58  Cybernetics Core  
  21  2:04  Probe (Chrono Boost), Pylon  
  21  2:06  Probe (Chrono Boost)  
  23  2:14  Probe (Chrono Boost)  
  24  2:17  Pylon  
  24  2:20  Probe (Chrono Boost)  
  25  2:30  Gateway  
  25  2:32  Warp Gate (Chrono Boost)  
  25  2:33  Probe x2 (Chrono Boost)  
  27  2:47  Twilight Council  
  27  2:48  Mothership Core  
  27  2:49  Probe  
  30  2:56  Assimilator  
  30  2:59  Probe  
  30  3:00  Assimilator  
  30  3:05  Stalker  
  33  3:10  Probe x2  
  35  3:20  Robotics Facility  
  35  3:24  Probe x2, Pylon  
  37  3:31  Charge (Chrono Boost)  
  37  3:36  Probe  
  38  3:41  Probe  
  38  3:48  Probe  
  40  3:50  Zealot  
  40  3:53  Probe  
  43  3:56  Gateway  
  43  4:00  Probe, Pylon  
  44  4:06  Probe  
  44  4:07  Pylon  
  45  4:12  Probe  
  46  4:17  Warp Prism (Chrono Boost)  
  46  4:18  Probe  
  49  4:24  Probe  
  49  4:30  Probe  
  51  4:36  Probe, Gateway  
  51  4:38  Gateway  
  52  4:41  Gateway  
  52  4:42  Probe  
  53  4:48  Probe  
  54  4:54  Probe  
  47  5:00  Probe  
  47  5:05  Stalker x2  
  47  5:06  Probe, Stalker  
  46  5:30  Stalker x2  
  50  5:42  Nexus  
  50  5:46  Stalker  
  52  5:54  Probe  
  52  5:55  Probe  
  54  6:04  Stalker  
  54  6:05  Stalker  
  52  6:29  Zealot x3  
  52  6:30  Zealot x2  
  61  6:37  Zealot  
  63  7:01  Zealot x4  
  61  7:02  Zealot  
  61  7:44  Pylon  
  61  7:47  Pylon x2  
  61  7:50  Pylon  
  59  8:14  Zealot x2  
  63  8:33  Gateway  
  63  8:34  Stalker  
  63  8:35  Stalker, Gateway  
  63  8:37  Gateway  
  63  8:39  Cybernetics Core  
  67  9:27  Stalker  
  69  9:33  Stalker  
  69  9:34  Stalker x2  
  75  10:00  Nexus  
  75  10:01  Pylon  
  75  10:04  Pylon  
  73  10:08  Pylon  
  73  10:09  Stalker x2  
  73  10:10  Pylon  
  77  10:25  Stargate  
  77  10:29  Stargate, Assimilator  
  77  10:33  Assimilator  
  63  10:51  Stalker x2  
  63  10:52  Stalker x2  
  71  11:12  Probe, Pylon  
  71  11:13  Probe  
  73  11:23  Probe  
  73  11:24  Probe, Phoenix  
  73  11:25  Phoenix  
  79  11:41  Stalker x4  
  87  11:49  Phoenix  
  87  11:53  Probe x2  
  91  12:03  Probe x2  
  91  12:05  Probe  
  94  12:13  Stalker x4  
  94  12:14  Probe  
  97  12:55  Zealot  
  97  12:56  Zealot x3  
Show
View Real Time Build Order
Export as new Build Order

cappatches Terran 

Build Orders: 1/1/1, Liberator Opening 

Get SALT Encoding   

  12  0:02  SCV  
  13  0:14  SCV  
  14  0:20  Supply Depot  
  14  0:26  SCV  
  15  0:32  Refinery  
  15  0:42  SCV  
  16  0:45  Barracks  
  16  0:54  SCV  
  17  1:05  Supply Depot  
  17  1:06  SCV  
  18  1:15  Refinery  
  19  1:18  SCV  
  19  1:36  Factory  
  19  1:37  Marine  
  20  1:42  SCV  
  21  1:55  Marine  
  21  1:57  Engineering Bay, SCV  
  23  2:09  SCV  
  23  2:14  Marine  
  25  2:20  Starport  
  25  2:21  Factory Reactor  
  25  2:28  Missile Turret  
  25  2:32  Marine  
  26  2:40  SCV  
  27  2:51  Marine  
  28  2:52  Liberator  
  28  2:57  Supply Depot  
  28  3:01  Liberator  
  31  3:18  Marine  
  35  3:20  Factory Tech Lab  
  35  3:25  Supply Depot  
  35  3:36  Marine  
  35  3:40  Siege Tank  
  39  3:45  Orbital Command  
  39  3:53  Medivac  
  41  4:17  Medivac  
  41  4:18  Marine  
  44  4:36  Terran Infantry Weapons Level 1, Marine, Command Center  
  45  5:21  Siege Tank  
  45  5:45  Medivac  
  45  5:47  Medivac  
  45  5:48  Barracks Reactor  
  49  5:54  Supply Depot  
  49  6:03  Orbital Command  
  49  6:06  Barracks  
  33  7:32  Marine x2  
  27  9:14  Orbital Command  
  26  9:32  Orbital Command  
  26  9:52  Command Center  
  26  10:26  SCV  
  27  10:38  SCV  
  24  10:50  SCV  
  19  11:02  SCV  
  20  11:12  Barracks Tech Lab  
  20  11:18  Supply Depot  
  20  11:19  Supply Depot  
  20  11:23  Liberator  
  20  11:40  Marauder, SCV  
  20  11:41  Barracks  
  26  11:55  Refinery  
  26  12:01  Marauder  
  26  12:06  Liberator  
  26  12:08  Engineering Bay  
  31  12:35  Marine  
  22  12:53  Marine  
  22  12:54  Missile Turret  
Tags
 
Add a new tag
Caveats
  • Supply blocks, unpowered buildings, or Contaminate may cause inaccurate times.
  • Supply counts are checked every 10 seconds.